Workbook
Name AXL_Debt: [1]AXL_BS!$B$65
Name AXL_Debt: [1]AXL_BS!$B$65
Name AXL_Debt: [1]AXL_BS!$B$65
Name AXL_Debt: [1]AXL_BS!$B$65
Name BEA_Debt: #REF!
Name BWA_Debt: [1]BWA_BS!$B$111
Name BWA_Debt: [1]BWA_BS!$B$111
Name BWA_Debt: [1]BWA_BS!$B$111
Name BWA_Debt: [1]BWA_BS!$B$111
Name DAN_Debt: [1]DAN_BS!$B$94
Name DAN_Debt: [1]DAN_BS!$B$94
Name DAN_Debt: [1]DAN_BS!$B$94
Name DAN_Debt: [1]DAN_BS!$B$94
Name GNTX_NCI: [1]GNTX_LTM!$E$13
Name GNTX_NCI: [1]GNTX_LTM!$E$13
Name GNTX_NCI: [1]GNTX_LTM!$E$13
Name GNTX_NCI: [1]GNTX_LTM!$E$13
Name GNTX_Net_Debt: [1]GNTX_LTM!$E$11
Name GNTX_Net_Debt: [1]GNTX_LTM!$E$11
Name GNTX_Net_Debt: [1]GNTX_LTM!$E$11
Name GNTX_Net_Debt: [1]GNTX_LTM!$E$11
Name GNTX_PS: [1]GNTX_LTM!$E$12
Name GNTX_PS: [1]GNTX_LTM!$E$12
Name GNTX_PS: [1]GNTX_LTM!$E$12
Name GNTX_PS: [1]GNTX_LTM!$E$12
Name IQ_CH: 110000
Name IQ_CQ: 5000
Name IQ_CY: 10000
Name IQ_DAILY: 500000
Name IQ_FH: 100000
Name IQ_FQ: 500
Name IQ_FY: 1000
Name IQ_LTM: 2000
Name IQ_MONTH: 15000
Name IQ_NTM: 6000
Name IQ_WEEK: 50000
Name IQ_YTD: 3000
Name Krispy_Cash_LQ: [2]KKD_BS_LQ!$B$3
Name Krispy_Cash_LQ: [2]KKD_BS_LQ!$B$3
Name Krispy_Cash_LQ: [2]KKD_BS_LQ!$B$3
Name Krispy_Cash_LQ: [2]KKD_BS_LQ!$B$3
Name Krispy_EBITDA_LTM: [2]KKD_LTM!$E$6
Name Krispy_EBITDA_LTM: [2]KKD_LTM!$E$6
Name Krispy_EBITDA_LTM: [2]KKD_LTM!$E$6
Name Krispy_EBITDA_LTM: [2]KKD_LTM!$E$6
Name LEA_Debt: [1]LEA_BS!$B$58
Name LEA_Debt: [1]LEA_BS!$B$58
Name LEA_Debt: [1]LEA_BS!$B$58
Name LEA_Debt: [1]LEA_BS!$B$58
Name TAP_LTM: #REF!
Name THRM_Debt: [1]THRM_BS!$B$78
Name THRM_Debt: [1]THRM_BS!$B$78
Name THRM_Debt: [1]THRM_BS!$B$78
Name THRM_Debt: [1]THRM_BS!$B$78
Name VC_Debt: [1]VC_BS!$B$109
Name VC_Debt: [1]VC_BS!$B$109
Name VC_Debt: [1]VC_BS!$B$109
Name VC_Debt: [1]VC_BS!$B$109

Sheet Title

Sheet TAP_DCF
B2: Company Name | C2: Molson Coors
B3: Ticker | C3: TAP
B4: Share Price | C4: 44.26
B5: Valuation Date | C5: 45932
B7: =C2&" ("&C3&") DISCOUNTED CASH FLOWS MODEL" -> Molson Coors (TAP) DISCOUNTED CASH FLOWS MODEL
B8: Fiscal year ends in December USD in millions except per share data.
A10: x | B10: FORECASTING CASH FLOWS
F12: Historical | K12: Projected
F13: 2020 | G13: =F13+1 -> 2021 | H13: =G13+1 -> 2022 | I13: =H13+1 -> 2023 | J13: =I13+1 -> 2024 | K13: =J13+1 -> 2025 | L13: =K13+1 -> 2026 | M13: =L13+1 -> 2027 | N13: =M13+1 -> 2028 | O13: =N13+1 -> 2029
B14: Revenue | F14: =INDEX('Income Statement'!$A$10:$F$113,MATCH(TAP_DCF!$B14,'Income Statement'!$A$10:$A$113,0),MATCH(TAP_DCF!F$13,'Income Statement'!$A$11:$F$11)) -> 9654 | G14: =INDEX('Income Statement'!$A$10:$F$111,MATCH(TAP_DCF!$B14,'Income Statement'!$A$10:$A$111,0),MATCH(TAP_DCF!G$13,'Income Statement'!$A$11:$F$11)) -> 10279.7 | H14: =INDEX('Income Statement'!$A$10:$F$111,MATCH(TAP_DCF!$B14,'Income Statement'!$A$10:$A$111,0),MATCH(TAP_DCF!H$13,'Income Statement'!$A$11:$F$11)) -> 10701 | I14: =INDEX('Income Statement'!$A$10:$F$111,MATCH(TAP_DCF!$B14,'Income Statement'!$A$10:$A$111,0),MATCH(TAP_DCF!I$13,'Income Statement'!$A$11:$F$11)) -> 11702.1 | J14: =INDEX('Income Statement'!$A$10:$F$111,MATCH(TAP_DCF!$B14,'Income Statement'!$A$10:$A$111,0),MATCH(TAP_DCF!J$13,'Income Statement'!$A$11:$F$11)) -> 11627 | K14: =J14*(1+K32) -> 11603.746 | L14: =K14*(1+L32) -> 11615.35 | M14: =L14*(1+M32) -> 11661.811 | N14: =M14*(1+N32) -> 11743.444 | O14: =N14*(1+O32) -> 11860.878
B15: Cost Of Goods Sold | F15: =INDEX('Income Statement'!$A$10:$F$111,MATCH(TAP_DCF!$B15,'Income Statement'!$A$10:$A$111,0),MATCH(TAP_DCF!F$13,'Income Statement'!$A$11:$F$11)) -> 5858.1 | G15: =INDEX('Income Statement'!$A$10:$F$111,MATCH(TAP_DCF!$B15,'Income Statement'!$A$10:$A$111,0),MATCH(TAP_DCF!G$13,'Income Statement'!$A$11:$F$11)) -> 6226.3 | H15: =INDEX('Income Statement'!$A$10:$F$111,MATCH(TAP_DCF!$B15,'Income Statement'!$A$10:$A$111,0),MATCH(TAP_DCF!H$13,'Income Statement'!$A$11:$F$11)) -> 7045.8 | I15: =INDEX('Income Statement'!$A$10:$F$111,MATCH(TAP_DCF!$B15,'Income Statement'!$A$10:$A$111,0),MATCH(TAP_DCF!I$13,'Income Statement'!$A$11:$F$11)) -> 7333.3 | J15: =INDEX('Income Statement'!$A$10:$F$111,MATCH(TAP_DCF!$B15,'Income Statement'!$A$10:$A$111,0),MATCH(TAP_DCF!J$13,'Income Statement'!$A$11:$F$11)) -> 7093.6 | K15: =K14*K33 -> 7194.3225 | L15: =L14*L33 -> 7186.9977 | M15: =M14*M33 -> 7201.1684 | N15: =N14*N33 -> 7236.8973 | O15: =O14*O33 -> 7294.4401
B16: Gross Profit | F16: =F14-F15 -> 3795.9 | G16: =G14-G15 -> 4053.4 | H16: =H14-H15 -> 3655.2 | I16: =I14-I15 -> 4368.8 | J16: =J14-J15 -> 4533.4 | K16: =K14-K15 -> 4409.4235 | L16: =L14-L15 -> 4428.3521 | M16: =M14-M15 -> 4460.6428 | ... O16: =O14-O15 -> 4566.4381
B17: Selling General & Admin Exp. | F17: =INDEX('Income Statement'!$A$10:$F$111,MATCH(TAP_DCF!$B17,'Income Statement'!$A$10:$A$111,0),MATCH(TAP_DCF!F$13,'Income Statement'!$A$11:$F$11)) -> 2186.7 | G17: =INDEX('Income Statement'!$A$10:$F$111,MATCH(TAP_DCF!$B17,'Income Statement'!$A$10:$A$111,0),MATCH(TAP_DCF!G$13,'Income Statement'!$A$11:$F$11)) -> 2290.1 | H17: =INDEX('Income Statement'!$A$10:$F$111,MATCH(TAP_DCF!$B17,'Income Statement'!$A$10:$A$111,0),MATCH(TAP_DCF!H$13,'Income Statement'!$A$11:$F$11)) -> 2318.1 | I17: =INDEX('Income Statement'!$A$10:$F$111,MATCH(TAP_DCF!$B17,'Income Statement'!$A$10:$A$111,0),MATCH(TAP_DCF!I$13,'Income Statement'!$A$11:$F$11)) -> 2562.4 | J17: =INDEX('Income Statement'!$A$10:$F$111,MATCH(TAP_DCF!$B17,'Income Statement'!$A$10:$A$111,0),MATCH(TAP_DCF!J$13,'Income Statement'!$A$11:$F$11)) -> 2516.1 | K17: =K14*K34 -> 2518.0129 | L17: =L14*L34 -> 2523.4347 | M17: =M14*M34 -> 2536.4439 | N17: =N14*N34 -> 2557.1349 | O17: =O14*O34 -> 2585.6715
B18: Amort. of Goodwill and Intangibles | F18: =INDEX('Income Statement'!$A$10:$F$111,MATCH(TAP_DCF!$B18,'Income Statement'!$A$10:$A$111,0),MATCH(TAP_DCF!F$13,'Income Statement'!$A$11:$F$11)) -> 220 | G18: =INDEX('Income Statement'!$A$10:$F$111,MATCH(TAP_DCF!$B18,'Income Statement'!$A$10:$A$111,0),MATCH(TAP_DCF!G$13,'Income Statement'!$A$11:$F$11)) -> 218 | H18: =INDEX('Income Statement'!$A$10:$F$111,MATCH(TAP_DCF!$B18,'Income Statement'!$A$10:$A$111,0),MATCH(TAP_DCF!H$13,'Income Statement'!$A$11:$F$11)) -> 208.1 | I18: =INDEX('Income Statement'!$A$10:$F$111,MATCH(TAP_DCF!$B18,'Income Statement'!$A$10:$A$111,0),MATCH(TAP_DCF!I$13,'Income Statement'!$A$11:$F$11)) -> 207.3 | J18: =INDEX('Income Statement'!$A$10:$F$111,MATCH(TAP_DCF!$B18,'Income Statement'!$A$10:$A$111,0),MATCH(TAP_DCF!J$13,'Income Statement'!$A$11:$F$11)) -> 206.4 | K18: =K35*K14 -> 208.86743 | L18: =L35*L14 -> 211.98013 | M18: =M35*M14 -> 215.74351 | N18: =N35*N14 -> 220.18957 | O18: =O35*O14 -> 225.35669
B19: EBIT | F19: =F16-F17-F18 -> 1389.2 | G19: =G16-G17-G18 -> 1545.3 | H19: =H16-H17-H18 -> 1129 | I19: =I16-I17-I18 -> 1599.1 | J19: =J16-J17-J18 -> 1810.9 | K19: =K16-K17-K18 -> 1682.5432 | L19: =L16-L17-L18 -> 1692.9372 | M19: =M16-M17-M18 -> 1708.4553 | ... O19: =O16-O17-O18 -> 1755.41 | U19: Revenue Growth | V19: COGS (% of Revenue) | W19: SG&A (% of Revenue) | X19: Amortization of Goodwill and Intangibles (% of Revenue) | Y19: Depreciation and Amortization (% of Capex) | Z19: Capex (% of Revenue)
B20: Taxes | C20: 0.25 | F20: =F19*$C$20 -> 347.3 | G20: =G19*$C$20 -> 386.325 | H20: =H19*$C$20 -> 282.25 | I20: =I19*$C$20 -> 399.775 | J20: =J19*$C$20 -> 452.725 | K20: =K19*$C$20 -> 420.63579 | L20: =L19*$C$20 -> 423.23431 | M20: =M19*$C$20 -> 427.11383 | ... O20: =O19*$C$20 -> 438.8525 | T20: 2024 | U20: -0.006 | V20: 0.61 | W20: 0.216 | X20: 0.018 | Y20: 0.988 | Z20: 0.058
B21: Tax-effected EBIT | F21: =F19-F20 -> 1041.9 | G21: =G19-G20 -> 1158.975 | H21: =H19-H20 -> 846.75 | I21: =I19-I20 -> 1199.325 | J21: =J19-J20 -> 1358.175 | K21: =K19-K20 -> 1261.9074 | L21: =L19-L20 -> 1269.7029 | M21: =M19-M20 -> 1281.3415 | ... O21: =O19-O20 -> 1316.5575 | T21: 2029 | U21: 0.01 | V21: 0.615 | W21: 0.218 | X21: 0.019 | Y21: 1 | Z21: 0.06
B23: Depreciation & Amort., Total | F23: =INDEX('Income Statement'!$A$10:$F$113,MATCH(TAP_DCF!$B23,'Income Statement'!$A$10:$A$113,0),MATCH(TAP_DCF!F$13,'Income Statement'!$A$11:$F$11)) -> 809.7 | G23: =INDEX('Income Statement'!$A$10:$F$113,MATCH(TAP_DCF!$B23,'Income Statement'!$A$10:$A$113,0),MATCH(TAP_DCF!G$13,'Income Statement'!$A$11:$F$11)) -> 770.7 | H23: =INDEX('Income Statement'!$A$10:$F$113,MATCH(TAP_DCF!$B23,'Income Statement'!$A$10:$A$113,0),MATCH(TAP_DCF!H$13,'Income Statement'!$A$11:$F$11)) -> 684.8 | I23: =INDEX('Income Statement'!$A$10:$F$113,MATCH(TAP_DCF!$B23,'Income Statement'!$A$10:$A$113,0),MATCH(TAP_DCF!I$13,'Income Statement'!$A$11:$F$11)) -> 682.8 | J23: =INDEX('Income Statement'!$A$10:$F$113,MATCH(TAP_DCF!$B23,'Income Statement'!$A$10:$A$113,0),MATCH(TAP_DCF!J$13,'Income Statement'!$A$11:$F$11)) -> 665.8 | K23: =-K24*K36 -> 606.29573 | L23: =-L24*L36 -> 628.86229 | M23: =-M24*M36 -> 653.79029 | N23: =-N24*N36 -> 681.30323 | O23: =-O24*O36 -> 711.6527
B24: Capital Expenditure | F24: =INDEX('Income Statement'!$A$10:$F$113,MATCH(TAP_DCF!$B24,'Income Statement'!$A$10:$A$113,0),MATCH(TAP_DCF!F$13,'Income Statement'!$A$11:$F$11)) -> -574.8 | G24: =INDEX('Income Statement'!$A$10:$F$113,MATCH(TAP_DCF!$B24,'Income Statement'!$A$10:$A$113,0),MATCH(TAP_DCF!G$13,'Income Statement'!$A$11:$F$11)) -> -522.6 | H24: =INDEX('Income Statement'!$A$10:$F$113,MATCH(TAP_DCF!$B24,'Income Statement'!$A$10:$A$113,0),MATCH(TAP_DCF!H$13,'Income Statement'!$A$11:$F$11)) -> -661.4 | I24: =INDEX('Income Statement'!$A$10:$F$113,MATCH(TAP_DCF!$B24,'Income Statement'!$A$10:$A$113,0),MATCH(TAP_DCF!I$13,'Income Statement'!$A$11:$F$11)) -> -671.5 | J24: =INDEX('Income Statement'!$A$10:$F$113,MATCH(TAP_DCF!$B24,'Income Statement'!$A$10:$A$113,0),MATCH(TAP_DCF!J$13,'Income Statement'!$A$11:$F$11)) -> -674.1 | K24: =-K37*K14 -> -638.20603 | L24: =-L37*L14 -> -653.36342 | M24: =-M37*M14 -> -670.55414 | N24: =-N37*N14 -> -689.92732 | O24: =-O37*O14 -> -711.6527
B25: Change in Net Working Capital | G25: =-G73 -> -300.2 | H25: =-H73 -> 56.7 | I25: =-I73 -> 259.3 | J25: =-J73 -> -68.7 | K25: =-K73 -> -4.74413 | L25: =-L73 -> 9.8138682 | M25: =-M73 -> 13.195037 | N25: =-N73 -> 16.685136 | O25: =-O73 -> 20.316158
B26: Unlevered free cash flows | F26: =SUM(F21:F25) -> 1276.8 | G26: =SUM(G21:G25) -> 1106.875 | H26: =SUM(H21:H25) -> 926.85 | I26: =SUM(I21:I25) -> 1469.925 | J26: =SUM(J21:J25) -> 1281.175 | K26: =SUM(K21:K25) -> 1225.2529 | L26: =SUM(L21:L25) -> 1255.0157 | M26: =SUM(M21:M25) -> 1277.7727 | ... O26: =SUM(O21:O25) -> 1336.8736
F29: Historical | K29: Projected
F30: =F13 -> 2020 | G30: =F30+1 -> 2021 | H30: =G30+1 -> 2022 | I30: =H30+1 -> 2023 | J30: =I30+1 -> 2024 | K30: =J30+1 -> 2025 | L30: =K30+1 -> 2026 | M30: =L30+1 -> 2027 | N30: =M30+1 -> 2028 | O30: =N30+1 -> 2029
B31: Assumptions
B32: Revenue Growth | G32: =G14/F14-1 -> 0.064812513 | H32: =H14/G14-1 -> 0.040983686 | I32: =I14/H14-1 -> 0.093552004 | J32: =J14/I14-1 -> -0.0064176515 | K32: -0.002 | L32: =K32+$S$32 -> 0.001 | M32: =L32+$S$32 -> 0.004 | N32: =M32+$S$32 -> 0.007 | O32: =N32+$S$32 -> 0.01 | Q32: Step | R32: 0.01 | S32: =(R32-K32)/($O$30-$K$30) -> 0.003
B33: COGS (as a % of Revnue) | F33: =F15/F14 -> 0.60680547 | G33: =G15/G14 -> 0.60568888 | H33: =H15/H14 -> 0.65842445 | I33: =I15/I14 -> 0.6266653 | J33: =J15/J14 -> 0.61009719 | K33: 0.62 | L33: =K33+$S$33 -> 0.61875 | M33: =L33+$S$33 -> 0.6175 | N33: =M33+$S$33 -> 0.61625 | O33: =N33+$S$33 -> 0.615 | Q33: Step | R33: 0.615 | S33: =(R33-K33)/($O$30-$K$30) -> -0.00125
B34: SG&A (as a % of Revneue) | F34: =F17/F14 -> 0.22650715 | G34: =G17/G14 -> 0.22277887 | H34: =H17/H14 -> 0.21662461 | I34: =I17/I14 -> 0.21896924 | J34: =J17/J14 -> 0.21640148 | K34: 0.217 | L34: =K34+$S$34 -> 0.21725 | M34: =L34+$S$34 -> 0.2175 | N34: =M34+$S$34 -> 0.21775 | O34: =N34+$S$34 -> 0.218 | Q34: Step | R34: 0.218 | S34: =(R34-K34)/($O$30-$K$30) -> 0.00025
B35: Amort. (as a % of Revenue) | F35: =F18/F14 -> 0.022788481 | G35: =G18/G14 -> 0.021206845 | H35: =H18/H14 -> 0.019446781 | I35: =I18/I14 -> 0.017714769 | J35: =J18/J14 -> 0.017751785 | K35: 0.018 | L35: =K35+$S$35 -> 0.01825 | M35: =L35+$S$35 -> 0.0185 | N35: =M35+$S$35 -> 0.01875 | O35: =N35+$S$35 -> 0.019 | Q35: Step | R35: 0.019 | S35: =(R35-K35)/($O$30-$K$30) -> 0.00025
B36: Depreciation & Amort., Totals (as % of capex) | F36: =-F23/F24 -> 1.4086639 | G36: =-G23/G24 -> 1.4747417 | H36: =-H23/H24 -> 1.0353795 | I36: =-I23/I24 -> 1.016828 | J36: =-J23/J24 -> 0.98768729 | K36: 0.95 | L36: =K36+$S$36 -> 0.9625 | M36: =L36+$S$36 -> 0.975 | N36: =M36+$S$36 -> 0.9875 | O36: =N36+$S$36 -> 1 | Q36: Step | R36: 1 | S36: =(R36-K36)/($O$30-$K$30) -> 0.0125
B37: Capital Expenditure (as a % of Revenue) | F37: =-F24/F14 -> 0.059540087 | G37: =-G24/G14 -> 0.050838059 | H37: =-H24/H14 -> 0.061807308 | I37: =-I24/I14 -> 0.057382863 | J37: =-J24/J14 -> 0.057977122 | K37: 0.055 | L37: =K37+$S$37 -> 0.05625 | M37: =L37+$S$37 -> 0.0575 | N37: =M37+$S$37 -> 0.05875 | O37: =N37+$S$37 -> 0.06 | Q37: Step | R37: 0.06 | S37: =(R37-K37)/($O$30-$K$30) -> 0.00125
B38: Gross margin | F38: =F16/F14 -> 0.39319453 | G38: =G16/G14 -> 0.39431112 | H38: =H16/H14 -> 0.34157555 | I38: =I16/I14 -> 0.3733347 | J38: =J16/J14 -> 0.38990281 | K38: =K16/K14 -> 0.38 | L38: =L16/L14 -> 0.38125 | M38: =M16/M14 -> 0.3825 | ... O38: =O16/O14 -> 0.385
A40: x | B40: TERMINAL VALUE AND EQUITY VALUE PER SHARE
F42: Terminal Value - Perpetuity Growth | K42: Terminal Value - Exit Multiple | P42: Option Drag
F43: Unlevered FCF in terminal year | H43: =O26 -> 1336.8736 | K43: Terminal year EBITDA | N43: =O19+O23 -> 2467.0627 | P43: Implied Equity Value (Using TV)
F44: Terminal growth rate | H44: 0.015 | K44: Terminal year EBITDA multiple | N44: 9.6 | P44: Basic Shares
F45: Terminal value | H45: =(H43*(1+H44))/(H46-H44) -> 26204.126 | K45: Terminal value | N45: =N43*N44 -> 23683.802 | P45: Value of Options
F46: WACC - current | H46: =$F$119 -> 0.066782943 | K46: WACC - current | N46: =$F$119 -> 0.066782943 | P46: Implied Equity Value per Share
F47: PV of Terminal Value | H47: =H45/(1+H46)^(O13-J13) -> 18966.594 | K47: PV of Terminal Value | N47: =-PV(N46,O13-J13,,N45) -> 17142.379
P48: Treasury Outstanding Options
F49: PV of Unlevered Free Cash Flows | H49: =NPV(H46,K26:O26) -> 5279.1144 | K49: PV of Unlevered Free Cash Flows | N49: =NPV(N46,K26:O26) -> 5279.1144 | P49: Implied Equity Value | S49: =N52 -> 16696.094
F50: Total Enterprise Value | H50: =H47+H49 -> 24245.709 | K50: Total Enterprise Value | N50: =N47+N49 -> 22421.494 | P50: Diluted Shares Outstanding | S50: =N93 -> 196.82101
F51: Net debt + Preferred stock + NCI | H51: ='Balance Sheet'!F41+'Balance Sheet'!F42+'Balance Sheet'!F46+'Balance Sheet'!F47-'Balance Sheet'!F14+'Balance Sheet'!F60 -> 5725.4 | K51: Net debt + Preferred stock + NCI | N51: =H51 -> 5725.4 | P51: Total Proceeds | S51: =N90 -> 124.719
F52: Implied Equity Value | H52: =H50-H51 -> 18520.309 | K52: Implied Equity Value | N52: =N50-N51 -> 16696.094 | P52: Implied Equity Value per Share | S52: =(S49+S51)/S50 -> 85.462485
F53: Diluted Shares Outstanding | H53: =I93 -> 194.72101 | K53: Diluted Shares Outstanding | N53: =I93 -> 194.72101
F54: Implied Equity Value per Share | H54: =H52/H53 -> 95.112021 | K54: Implied Equity Value per Share | N54: =N52/N53 -> 85.743668
A58: x | B58: WORKING CAPITAL SCHEDULE
F61: Historical | K61: Projected
F62: =F13 -> 2020 | G62: =F62+1 -> 2021 | H62: =G62+1 -> 2022 | I62: =H62+1 -> 2023 | J62: =I62+1 -> 2024 | K62: =J62+1 -> 2025 | L62: =K62+1 -> 2026 | M62: =L62+1 -> 2027 | N62: =M62+1 -> 2028 | O62: =N62+1 -> 2029
B63: Total current assets | F63: =INDEX('Balance Sheet'!$A$10:$F$91,MATCH(TAP_DCF!$B63,'Balance Sheet'!$A$10:$A$91,0),MATCH(TAP_DCF!F$62,'Balance Sheet'!$A$11:$F$11,0)) -> 2418.8 | G63: =INDEX('Balance Sheet'!$A$10:$F$91,MATCH(TAP_DCF!$B63,'Balance Sheet'!$A$10:$A$91,0),MATCH(TAP_DCF!G$62,'Balance Sheet'!$A$11:$F$11,0)) -> 2778.7 | H63: =INDEX('Balance Sheet'!$A$10:$F$91,MATCH(TAP_DCF!$B63,'Balance Sheet'!$A$10:$A$91,0),MATCH(TAP_DCF!H$62,'Balance Sheet'!$A$11:$F$11,0)) -> 2638 | I63: =INDEX('Balance Sheet'!$A$10:$F$91,MATCH(TAP_DCF!$B63,'Balance Sheet'!$A$10:$A$91,0),MATCH(TAP_DCF!I$62,'Balance Sheet'!$A$11:$F$11,0)) -> 2848.5 | J63: =INDEX('Balance Sheet'!$A$10:$F$91,MATCH(TAP_DCF!$B63,'Balance Sheet'!$A$10:$A$91,0),MATCH(TAP_DCF!J$62,'Balance Sheet'!$A$11:$F$11,0)) -> 2848.4
B64: Cash And Equivalents | F64: =INDEX('Balance Sheet'!$A$10:$F$91,MATCH(TAP_DCF!$B64,'Balance Sheet'!$A$10:$A$91,0),MATCH(TAP_DCF!F$62,'Balance Sheet'!$A$11:$F$11,0)) -> 770.1 | G64: =INDEX('Balance Sheet'!$A$10:$F$91,MATCH(TAP_DCF!$B64,'Balance Sheet'!$A$10:$A$91,0),MATCH(TAP_DCF!G$62,'Balance Sheet'!$A$11:$F$11,0)) -> 637.4 | H64: =INDEX('Balance Sheet'!$A$10:$F$91,MATCH(TAP_DCF!$B64,'Balance Sheet'!$A$10:$A$91,0),MATCH(TAP_DCF!H$62,'Balance Sheet'!$A$11:$F$11,0)) -> 600 | I64: =INDEX('Balance Sheet'!$A$10:$F$91,MATCH(TAP_DCF!$B64,'Balance Sheet'!$A$10:$A$91,0),MATCH(TAP_DCF!I$62,'Balance Sheet'!$A$11:$F$11,0)) -> 868.9 | J64: =INDEX('Balance Sheet'!$A$10:$F$91,MATCH(TAP_DCF!$B64,'Balance Sheet'!$A$10:$A$91,0),MATCH(TAP_DCF!J$62,'Balance Sheet'!$A$11:$F$11,0)) -> 969.3
B65: Total non-cash current assets | F65: =F63-F64 -> 1648.7 | G65: =G63-G64 -> 2141.3 | H65: =H63-H64 -> 2038 | I65: =I63-I64 -> 1979.6 | J65: =J63-J64 -> 1879.1
B67: Total current liabilities | F67: =INDEX('Balance Sheet'!$A$10:$F$91,MATCH(TAP_DCF!$B67,'Balance Sheet'!$A$10:$A$91,0),MATCH(TAP_DCF!F$62,'Balance Sheet'!$A$11:$F$11,0)) -> 3909.6 | G67: =INDEX('Balance Sheet'!$A$10:$F$91,MATCH(TAP_DCF!$B67,'Balance Sheet'!$A$10:$A$91,0),MATCH(TAP_DCF!G$62,'Balance Sheet'!$A$11:$F$11,0)) -> 3622.2 | H67: =INDEX('Balance Sheet'!$A$10:$F$91,MATCH(TAP_DCF!$B67,'Balance Sheet'!$A$10:$A$91,0),MATCH(TAP_DCF!H$62,'Balance Sheet'!$A$11:$F$11,0)) -> 3375.4 | I67: =INDEX('Balance Sheet'!$A$10:$F$91,MATCH(TAP_DCF!$B67,'Balance Sheet'!$A$10:$A$91,0),MATCH(TAP_DCF!I$62,'Balance Sheet'!$A$11:$F$11,0)) -> 4092.6 | J67: =INDEX('Balance Sheet'!$A$10:$F$91,MATCH(TAP_DCF!$B67,'Balance Sheet'!$A$10:$A$91,0),MATCH(TAP_DCF!J$62,'Balance Sheet'!$A$11:$F$11,0)) -> 3045.2
B68: Curr. Port. of LT Debt | F68: =INDEX('Balance Sheet'!$A$10:$F$91,MATCH(TAP_DCF!$B68,'Balance Sheet'!$A$10:$A$91,0),MATCH(TAP_DCF!F$62,'Balance Sheet'!$A$11:$F$11,0)) -> 1049.7 | G68: =INDEX('Balance Sheet'!$A$10:$F$91,MATCH(TAP_DCF!$B68,'Balance Sheet'!$A$10:$A$91,0),MATCH(TAP_DCF!G$62,'Balance Sheet'!$A$11:$F$11,0)) -> 571.1 | H68: =INDEX('Balance Sheet'!$A$10:$F$91,MATCH(TAP_DCF!$B68,'Balance Sheet'!$A$10:$A$91,0),MATCH(TAP_DCF!H$62,'Balance Sheet'!$A$11:$F$11,0)) -> 370.9 | I68: =INDEX('Balance Sheet'!$A$10:$F$91,MATCH(TAP_DCF!$B68,'Balance Sheet'!$A$10:$A$91,0),MATCH(TAP_DCF!I$62,'Balance Sheet'!$A$11:$F$11,0)) -> 885.1 | J68: =INDEX('Balance Sheet'!$A$10:$F$91,MATCH(TAP_DCF!$B68,'Balance Sheet'!$A$10:$A$91,0),MATCH(TAP_DCF!J$62,'Balance Sheet'!$A$11:$F$11,0)) -> 2.4
B69: Curr. Port. of Leases | F69: =INDEX('Balance Sheet'!$A$10:$F$91,MATCH(TAP_DCF!$B69,'Balance Sheet'!$A$10:$A$91,0),MATCH(TAP_DCF!F$62,'Balance Sheet'!$A$11:$F$11,0)) -> 51.2 | G69: =INDEX('Balance Sheet'!$A$10:$F$91,MATCH(TAP_DCF!$B69,'Balance Sheet'!$A$10:$A$91,0),MATCH(TAP_DCF!G$62,'Balance Sheet'!$A$11:$F$11,0)) -> 50 | H69: =INDEX('Balance Sheet'!$A$10:$F$91,MATCH(TAP_DCF!$B69,'Balance Sheet'!$A$10:$A$91,0),MATCH(TAP_DCF!H$62,'Balance Sheet'!$A$11:$F$11,0)) -> 50 | I69: =INDEX('Balance Sheet'!$A$10:$F$91,MATCH(TAP_DCF!$B69,'Balance Sheet'!$A$10:$A$91,0),MATCH(TAP_DCF!I$62,'Balance Sheet'!$A$11:$F$11,0)) -> 52.1 | J69: =INDEX('Balance Sheet'!$A$10:$F$91,MATCH(TAP_DCF!$B69,'Balance Sheet'!$A$10:$A$91,0),MATCH(TAP_DCF!J$62,'Balance Sheet'!$A$11:$F$11,0)) -> 56.6
B70: Total non-debt current liabilities | F70: =F67-F68-F69 -> 2808.7 | G70: =G67-G68-G69 -> 3001.1 | H70: =H67-H68-H69 -> 2954.5 | I70: =I67-I68-I69 -> 3155.4 | J70: =J67-J68-J69 -> 2986.2
B72: Non-cash Net Working Capital | F72: =F65-F70 -> -1160 | G72: =G65-G70 -> -859.8 | H72: =H65-H70 -> -916.5 | I72: =I65-I70 -> -1175.8 | J72: =J65-J70 -> -1107.1 | K72: =K78*K14 -> -1102.3559 | L72: =L78*L14 -> -1112.1697 | M72: =M78*M14 -> -1125.3648 | N72: =N78*N14 -> -1142.0499 | O72: =O78*O14 -> -1162.3661
B73: Change in NWC | G73: =G72-F72 -> 300.2 | H73: =H72-G72 -> -56.7 | I73: =I72-H72 -> -259.3 | J73: =J72-I72 -> 68.7 | K73: =K72-J72 -> 4.74413 | L73: =L72-K72 -> -9.8138682 | M73: =M72-L72 -> -13.195037 | N73: =N72-M72 -> -16.685136 | O73: =O72-N72 -> -20.316158
F76: Historical | K76: Projected
F77: =F62 -> 2020 | G77: =F77+1 -> 2021 | H77: =G77+1 -> 2022 | I77: =H77+1 -> 2023 | J77: =I77+1 -> 2024 | K77: =J77+1 -> 2025 | L77: =K77+1 -> 2026 | M77: =L77+1 -> 2027 | N77: =M77+1 -> 2028 | O77: =N77+1 -> 2029
B78: Non-cash NWC as a % of Sale | F78: =F72/F14 -> -0.12015745 | G78: =G72/G14 -> -0.083640573 | H78: =H72/H14 -> -0.085646201 | I78: =I72/I14 -> -0.10047769 | J78: =J72/J14 -> -0.095218027 | K78: -0.095 | L78: =K78+$S$78 -> -0.09575 | M78: =L78+$S$78 -> -0.0965 | N78: =M78+$S$78 -> -0.09725 | O78: =N78+$S$78 -> -0.098 | Q78: Step | R78: -0.098 | S78: =(R78-K78)/(O77-K77) -> -0.00075
A81: x | B81: DILUTED SHARES
B84: Class A Shares | C84: 2.563034 | F84: Treasury with a Twist- All Outstanding Options | K84: Treasury Method- All Outstanding Options
B85: Class B Shares | C85: 190.15798 | F85: Basic share count | I85: 192.72101 | K85: Basic share count | N85: =I85 -> 192.72101
B86: Voting Premium | C86: N/A | F86: Outstanding options | I86: 2.1 | K86: Oustanding options | N86: =I86 -> 2.1
F87: Exercise price | I87: 59.39 | K87: Exercise price | N87: =I87 -> 59.39
F88: Current share price | I88: =C4 -> 44.26
F89: In-the-money options | I89: =IF(I87<I88,I86,0) -> 0
F90: Total proceeds | I90: =I89*I87 -> 0 | K90: Total proceeds | N90: =N87*N86 -> 124.719
F91: Total shares repurchased | I91: =I90/I88 -> 0
F92: Unvested RSUs | I92: 2 | K92: Unvested RSUs | N92: =I92 -> 2
F93: Diluted shares outstanding | I93: =I85+I92+I89-I91 -> 194.72101 | K93: Diluted shares outstanding | N93: =N85+N86+N92 -> 196.82101
A96: x | B96: WACC
F98: Current
B99: Percent of Capital
B100: Total debt | F100: ='Balance Sheet'!F41+'Balance Sheet'!F42+'Balance Sheet'!F46+'Balance Sheet'!F47 -> 6334.4
B101: Share price | F101: =C4 -> 44.26
B102: Shares outstanding | F102: =I93 -> 194.72101
B103: Market value of equity | F103: =F102*F101 -> 8618.3519
B105: Weight of debt | F105: =F100/(F100+F103) -> 0.42362771
B106: Weight of equity | F106: =F103/(F103+F100) -> 0.57637229
B108: Cost of debt
B109: Default Spread | F109: 0.012
B110: Pre-tax cost of debt | F110: =F109+F114 -> 0.053
B111: Marginal tax rate | F111: =C20 -> 0.25
B113: Cost of equity
B114: Risk-free rate | F114: 0.041
B115: Market risk premium (Rm - Rf) | F115: 0.0581
B116: Beta | F116: =D137 -> 0.78574661
B117: Cost of equity | F117: =F114+F115*F116 -> 0.086651878
B119: Weighted average cost of capital | F119: =(F105*F110*(1-F111))+(F106*F117) -> 0.066782943
A121: x | B121: BOTTOM UP BETA
E124: MV | F124: Book Value | G124: Debt/ | H124: Reg | I124: Unlevered | K124: Marginal
B125: Company | C125: Ticker | E125: Equity | F125: Debt | G125: Equity | H125: Beta | I125: Beta | K125: Tax Rate
B126: Anheuser-Busch InBev SA/NV | C126: BUD | E126: 106340.9 | F126: 65492.8 | G126: =F126/E126 -> 0.61587592 | H126: 0.67 | I126: =H126/(1+G126*(1-K126)) -> 0.45830551 | K126: 0.25
B127: Constellation Brands, Inc. | C127: STZ | E127: 22340.5 | F127: 10544.9 | G127: =F127/E127 -> 0.47200824 | H127: 0.46 | I127: =H127/(1+G127*(1-K127)) -> 0.33973257 | K127: =$K$126 -> 0.25
B128: Boston Beer | C128: SAM | E128: 2086.2 | F128: 40.9 | G128: =F128/E128 -> 0.019605023 | H128: 1.06 | I128: =H128/(1+G128*(1-K128)) -> 1.0446399 | K128: =$K$126 -> 0.25
B129: Carlsberg A/S | C129: CARL B | E129: 109750.3 | F129: 74080 | G129: =F129/E129 -> 0.67498677 | H129: 0.5 | I129: =H129/(1+G129*(1-K129)) -> 0.33195239 | K129: =$K$126 -> 0.25
B130: Heineken N.V. | C130: HEIA | E130: 38706.3 | F130: 17586 | G130: =F130/E130 -> 0.45434464 | H130: 0.48 | I130: =H130/(1+G130*(1-K130)) -> 0.35800631 | K130: =$K$126 -> 0.25
B133: Average unlevered beta | D133: =AVERAGE(I126:I130) -> 0.50652733
B134: Average unlevered beta (Full industry) | D134: 0.5
...

Sheet Possible_Comps
B2: Industry | C2: Alcoholic Beverage Distributors
B4: Source | C4: Peers
B5: Proxy Statement | C5: General Mills, Inc. Heineken NV The Hershey Company Hormel Foods Corporation The J. M. Smucker Company Kellanova Keurig Dr Pepper Inc. The Kraft Heinz Company McCormick & Company, Incorporated Monster Beverage Corporation. Brown-Forman Corporation Campbell Soup Company Carlsberg A/S The Clorox Company Coca-Cola European Partners Plc Colgate-Palmolive Company Conagra Brands, Inc. Constellation Brands, Inc. Diageo plc
B6: TAP 10K (comp) | C6: Anheuser-Busch InBev SA/NV ("ABI"), Constellation Brands, Inc., Heineken, Asahi, Carlsberg.
B7: Industry (SIC code: 2082) | C7: 5,002 firms
B8: Seeking Alpha | C8: Compañía Cervecerías Unidas S.A., The Boston Beer Company, Inc., Carlsberg A/S, Ambev S.A., and Heineken N.V.
B9: Mergent | C9: SAB : XHC – Saigon Beer Alcohol Beverage Corp, BHN : XHC – Hanoi Beer Alcohol and Beverage Joint Stock Corp, MBG : IDX – Multi Bintang Indonesia Tbk PT, CVZ : SGO – Compañía Cervecerías Unidas S.A., ASBR : TKS – Asahi Group Holdings, CSB : KRX – Hitejinro Holdings Co, CBP : KRX – Hitejinro Holdings Co, KB@N : TKS – Kirin Holdings Co, THB : HST – Thanh Hoa Beer, TBL : DAR – Tanzania Breweries PLC.
B10: Capital IQ | C10: Constellation Brands, Inc. (NYSE:STZ), The Boston Beer Company, Inc. (NYSE:SAM), Brown-Forman Corporation (NYSE:BF.B), Carlsberg A/S (CPSE:CARL B), PepsiCo, Inc. (NasdaqGS:PEP), Kirin Holdings Company, Limited (TSE:2503), Ambev S.A. (BOVESPA:ABEV3), Asahi Group Holdings, Ltd. (TSE:2502), Tsingtao Brewery Company Limited (SHSE:600600), China Resources Beer (Holdings) Company Limited (SEHK:291).
B11: Morningstar | C11: Boston Beer Company, Heinekein, and Constellation Brands
B12: ChatGPT | C12: Primary Global Brewer Peers (closest matches) 1. Anheuser-Busch InBev (ABI) 2. Heineken N.V. 3. Carlsberg A/S 4. Asahi Group Holdings 5. Ambev S.A. North American Alcohol Peers 6. Constellation Brands 7. The Boston Beer Company (SAM). Supplementary Beverage / Consumer Staples Peers (Cash Flow + Cost Structure) 8. Brown-Forman Corporation 9. Keurig Dr Pepper 10. Monster Beverage (high growth; useful to bracket valuation multiples)

Sheet Selecting_Comps
B2: List of Possible Competitors | C2: Ticker | D2: Source | E2: Business Description | F2: Exchange | G2: LTM Gross Margin % | H2: LTM EBITDA Margin % | I2: LTM EBIT Margin % | J2: LTM Net Income Margin % | K2: LTM Total Revenues, 1 Yr Growth % | L2: LTM EBITDA, 1 Yr Growth % | M2: LTM EBIT, 1 Yr Growth % | N2: LTM Net Income, 1 Yr Growth % | O2: LTM Total Debt/Capital % | P2: LTM Total Debt/EBITDA | Q2: NTM LT EPS Growth Rate (Capital IQ) | R2: 5 Year Beta
B3: Constellation Brands, Inc. | C3: STZ | D3: CapitalIQ, Morningstar, 10-K | E3: A leading international producer and marketer of beer, wine, and spirits with operations in the U.S., Mexico, New Zealand, and Italy, building brands that people love to elevate human connections. | F3: NYSE | G3: 0.519 | H3: 0.376 | I3: 0.331 | J3: 0.127 | K3: -0.0556 | L3: -0.0662 | M3: -0.074 | N3: 1.1099 | O3: 0.5752 | P3: 2.9 | Q3: -0.0249 | R3: 0.46
B4: Brown‑Forman Corporation | C4: BF.B | D4: CapitalIQ | E4: An American family-controlled publicly traded company that manufactures, markets, and sells alcoholic beverages, enriching life by responsibly building fine quality beverage alcohol brands. | F4: NYSE | G4: 0.59 | H4: 0.307 | I4: 0.285 | J4: 0.2138 | K4: -0.035 | L4: 0.0125 | M4: 0.0144 | N4: -0.1457 | O4: 0.4038 | P4: 2.1 | Q4: 0.0203 | R4: 0.41
B5: The Boston Beer Company, Inc. | C5: SAM | D5: CapitalIQ, Morningstar | E5: One of the largest and most respected craft brewers in the US, producing and selling alcohol beverages including beers, hard seltzers, malt beverages, spirits, and hard cider throughout the United States and in selected international markets | F5: NYSE | G5: 0.477 | H5: 0.125 | I5: 0.08 | J5: 0.0466 | K5: -0.0113 | L5: 0.0091 | M5: 0.0251 | N5: 0.1484 | O5: 0.043 | P5: 0.2 | Q5: 0.121 | R5: 1.06
B6: The Coca-Cola Company | C6: KO | D6: CapitalIQ | E6: An American multinational corporation that manufactures, markets, and sells non-alcoholic beverages, including its flagship Coca-Cola brand, operating through a network of independent bottling partners, distributors, wholesalers, and retailers. | F6: NYSE | G6: 0.616 | H6: 0.342 | I6: 0.319 | J6: 0.2734 | K6: 0.028 | L6: 0.1139 | M6: 0.1214 | N6: 0.2519 | O6: 0.5915 | P6: 2.9 | Q6: 0.0656 | R6: 0.4
B7: Carlsberg A/S | C7: CARL B | D7: CapitalIQ, Seeking Alpha | E7: A Danish multinational brewer producing and marketing beers such as Carlsberg, Tuborg, and Kronenbourg, with operations in more than 150 markets worldwide. | F7: CPSE | G7: 0.458 | H7: 0.191 | I7: 0.14 | J7: 0.1089 | K7: 0.1 | L7: 0.1106 | M7: 0.106 | N7: - | O7: 0.7274 | P7: 4.6 | Q7: 0.0966 | R7: 0.5
B8: Kirin Holdings Company, Limited | C8: 2503 | D8: CapitalIQ | E8: A Japanese company engaged in the production and sale of alcoholic beverages like beer, as well as soft drinks, pharmaceuticals, and health science businesses. | F8: TSE | G8: 0.467 | H8: 0.129 | I8: 0.087 | J8: 0.0341 | K8: 0.0475 | L8: 0.0511 | M8: 0.0301 | N8: -0.2432 | O8: 0.4013 | P8: 3.2 | Q8: 0.2654 | R8: -0.04
B9: Ambev S.A. | C9: ABEV 3 | D9: CapitalIQ | E9: A Brazilian company that produces, distributes, and sells beer, draft beer, carbonated soft drinks, malt and food, other alcoholic beverages, and non-alcoholic and non-carbonated products in Brazil, Central America and Caribbean, Latin America South, and Canada. | F9: BOVESPA | G9: 0.518 | H9: 0.297 | I9: 0.254 | J9: 0.1773 | K9: 0.0979 | L9: 0.0945 | M9: 0.1641 | N9: 0.1501 | O9: 0.0303 | P9: 0.1 | Q9: 0.0614 | R9: 0.27
B10: Asahi Group Holdings, Ltd. | C10: 2502 | D10: CapitalIQ | E10: A Japanese beverage holding company that manufactures and sells beer, alcohol and non-alcohol beverages, and food products in Japan, Europe, Oceania, and Southeast Asia. | F10: TSE | G10: 0.373 | H10: 0.139 | I10: 0.085 | J10: 0.0597 | K10: 0.0086 | L10: -0.0219 | M10: -0.0391 | N10: -0.0012 | O10: 0.3511 | P10: 3.6 | Q10: 0.102 | R10: 0.2
B11: Tsingtao Brewery Company Limited | C11: 600600 | D11: CapitalIQ | E11: China's second largest brewery, producing and exporting Tsingtao beer with about 15% of domestic market share and accounting for half of China's national beer exports. | F11: SHSE | G11: 0.417 | H11: 0.188 | I11: 0.155 | J11: 0.1422 | K11: 0.0197 | L11: 0.1037 | M11: 0.1238 | N11: 0.0642 | O11: 0.0035 | P11: 0 | Q11: 0.0591 | R11: 0.73
B12: China Resources Beer (Holdings) Company Limited | C12: 291 | D12: CapitalIQ | E12: An investment holding company that manufactures, distributes, and sells beer products in Mainland China, offering its products under the Nong Li, Snow, and Jinsha brands. | F12: SEHK | G12: 0.439 | H12: 0.201 | I12: 0.143 | J12: 0.1499 | K12: 0.0007 | L12: 0.1318 | M12: 0.1637 | N12: 0.1179 | O12: 0.0283 | P12: 0.1 | Q12: 0.1085 | R12: 0.52
B13: Compañía Cervecerías Unidas S.A. | C13: CCU | D13: Seeking Alpha, | E13: Compañía Cervecerías Unidas S.A., together with its subsidiaries, operates as a diversified beverage company in Chile, Argentina, Bolivia, Colombia, Paraguay, and Uruguay. It operates through three segments: Chile, International Business, and Wine. | F13: SNSE | G13: 0.45 | H13: 0.123 | I13: 0.081 | J13: 0.045 | K13: 0.2053 | L13: 0.3424 | M13: 0.4919 | N13: 0.0598 | O13: 0.4415 | P13: 3.3 | Q13: 0.101 | R13: 0.2
B14: Anheuser-Busch InBev SA/NV | C14: ABI | D14: ChatGPT, 10-K | E14: Anheuser-Busch InBev SA/NV produces, distributes, exports, markets, and sells beer in North America, Middle Americas, South America, Europe, the Middle East, Africa, and the Asia Pacific. The company also provides spirits-based ready-to-drink and non-alcohol beverages. | F14: ENXTBR | G14: 0.559 | H14: 0.323 | I14: 0.263 | J14: 0.1041 | K14: -0.0134 | L14: 0.0265 | M14: 0.0333 | N14: -0.0656 | O14: 0.4534 | P14: 3.9 | Q14: 0.0859 | R14: 0.67
B15: Heineken Holding N.V. | C15: HEIO | D15: Morningstar, 10-K | E15: Heineken Holding N.V., together with its subsidiaries, engages in brewing and selling beer and cider in the Netherlands and internationally. The company’s portfolio consists of approximately 340 international, regional, local, and specialty beers and ciders. | F15: ENXTAM | G15: 0.365 | H15: 0.2 | I15: 0.136 | J15: 0.0317 | K15: -0.0484 | L15: 0.0242 | M15: 0.0156 | N15: 0.7244 | O15: 0.4689 | P15: 2.9 | Q15: - | R15: 0.52
B17: Molson Coors Beverage Company | C17: TAP | D17: Our company | E17: It manufactures, markets, and sells beer and other malt beverage products in the Americas, Europe, the Middle East, Africa, and the Asia Pacific. The company offers flavored malt beverages including hard seltzers, craft, spirits, and ready to drink beverages. | F17: NYSE | G17: 0.387 | H17: 0.215 | I17: 0.156 | J17: -0.1864 | K17: -0.0401 | L17: -0.003 | M17: 0.0076 | N17: - | O17: 0.3789 | P17: 2.6 | Q17: -0.0216 | R17: 0.45

Sheet TAP_Comps
B2: Molson Coors Valuation with Public Comparables
B3: Fiscal year ends in December USD in millions except per share data.
B4: Valuation for period ended | C4: 46022
B5: Ticker | C5: TAP
B6: Valuation Date | C6: 45978
B7: Company Name | C7: Molson Coors | H7: Enterprise Value Multiples | N7: Equity Value Multiples
F8: Market Value | G8: Enterprise | K8: Forward | L8: 2 year growth | M8: BV | N8: Forward | O8: Forward | P8: Price(Market)-
B9: Company | C9: Ticker | D9: Share price | F9: of Equity | G9: Value | H9: EV/Sales | I9: EV/EBIT | J9: EV/EBITDA | K9: EPS | L9: rate | M9: Equity | N9: P/E | O9: PEG | P9: to-Book
B10: Molson Coors Company | C10: TAP | D10: 46.51 | F10: 9189.4 | G10: 15021.9 | H10: 1.3 | I10: 8.6 | J10: 6 | K10: 5.52 | L10: 0.0098 | M10: 13452.7 | N10: =D10/K10 -> 8.4257246 | O10: =D10/(K10*L10*100) -> 8.5976782 | P10: =F10/M10 -> 0.68308964
B12: Constellation Brands, Inc. | C12: STZ | D12: 136.38 | F12: 23735.5 | G12: 34494.3 | H12: 3.6 | I12: 13.4 | J12: 11.5 | K12: 11.87 | L12: 0.0097 | M12: 7134.8 | N12: =D12/K12 -> 11.489469 | O12: =D12/(K12*L12*100) -> 11.844814 | P12: =F12/M12 -> 3.3267225
B13: Carlsberg A/S | C13: CARL B | D13: 799.6 | F13: 17027 | G13: 27569.8 | H13: 2.2 | I13: 14.5 | J13: 10.5 | K13: 9.43 | L13: 0.0747 | M13: 4764.4 | N13: =D13/K13 -> 84.793213 | O13: =D13/(K13*L13*100) -> 11.351166 | P13: =F13/M13 -> 3.5737973
B14: Asahi Group Holdings, Ltd. | C14: 2502 | D14: 12 | F14: 17219.6 | G14: 26116.3 | H14: 1.4 | I14: 16.3 | J14: 10 | K14: 0.77 | L14: 0.0725 | M14: 17221.3 | N14: =D14/K14 -> 15.584416 | O14: =D14/(K14*L14*100) -> 2.1495746 | P14: =F14/M14 -> 0.99990129
B15: Anheuser-Busch InBev SA/NV | C15: ABI | D15: 53.02 | F15: 120047.6 | G15: 200378.8 | H15: 3.5 | I15: 12.8 | J15: 10.1 | K15: 4.08 | L15: 0.0088 | M15: 88700 | N15: =D15/K15 -> 12.995098 | O15: =D15/(K15*L15*100) -> 14.767157 | P15: =F15/M15 -> 1.3534115
B16: Heineken Holding N.V. | C16: HEIO | D16: 61.55 | F16: 45901.3 | G16: 51379.4 | H16: 1.5 | I16: 10.7 | J16: 7 | K16: 5.83 | L16: 0.0161 | M16: 25696.3 | N16: =D16/K16 -> 10.557461 | O16: =D16/(K16*L16*100) -> 6.5574294 | P16: =F16/M16 -> 1.7863
B17: The Boston Beer Company, Inc. | C17: SAM | D17: 194.8 | F17: 2031.6 | G17: 1822.1 | H17: 0.9 | I17: 11.7 | J17: 7.1 | K17: 10.56 | L17: 0.0425 | M17: 916.2 | N17: =D17/K17 -> 18.44697 | O17: =D17/(K17*L17*100) -> 4.3404635 | P17: =F17/M17 -> 2.2174198
G24: High | H24: =MAX(H12:H17) -> 3.6 | I24: =MAX(I12:I17) -> 16.3 | J24: =MAX(J12:J17) -> 11.5 | N24: =MAX(N12:N17) -> 84.793213 | O24: =MAX(O12:O17) -> 14.767157 | P24: =MAX(P12:P17) -> 3.5737973
G25: Mean | H25: =AVERAGE(H12:H17) -> 2.1833333 | I25: =AVERAGE(I12:I17) -> 13.233333 | J25: =AVERAGE(J12:J17) -> 9.3666667 | N25: =AVERAGE(N12:N17) -> 25.644438 | O25: =AVERAGE(O12:O17) -> 8.5017674 | P25: =AVERAGE(P12:P17) -> 2.2095921
G26: Median | H26: =MEDIAN(H12:H17) -> 1.85 | I26: =MEDIAN(I12:I17) -> 13.1 | J26: =MEDIAN(J12:J17) -> 10.05 | N26: =MEDIAN(N12:N17) -> 14.289757 | O26: =MEDIAN(O12:O17) -> 8.9542979 | P26: =MEDIAN(P12:P17) -> 2.0018599
G27: Low | H27: =MIN(H12:H17) -> 0.9 | I27: =MIN(I12:I17) -> 10.7 | J27: =MIN(J12:J17) -> 7 | N27: =MIN(N12:N17) -> 10.557461 | O27: =MIN(O12:O17) -> 2.1495746 | P27: =MIN(P12:P17) -> 0.99990129
D30: Implied price per share | E30: Diluted shares outstanding | F30: Implied Equity Value | G30: Implied Enterprise Value | H30: Range of EV/Sales | I30: Range of EV/EBIT | J30: Range of EV/EBITDA | N30: Range of Forward P/E | O30: Range of Forward PEG | P30: Range of Price-to-Book
B31: Molson Coors | D31: =F31/E31 -> 77.036371 | E31: =TAP_DCF!I93 -> 194.72101 | F31: =G31-SUM(TAP_LTM!$C$10:$C$12) -> 15000.6 | G31: =H31*TAP_LTM!$C$6 -> 20745.9 | H31: =H26 -> 1.85
D32: =F32/E32 -> 96.233066 | E32: 194.72101 | F32: =G32-SUM(TAP_LTM!$C$10:$C$12) -> 18738.6 | G32: =H32*TAP_LTM!$C$6 -> 24483.9 | H32: =H25 -> 2.1833333
D33: =F33/E33 -> 724.92485 | E33: 194.72101 | F33: =G33-SUM(TAP_LTM!$C$10:$C$12) -> 141158.1 | G33: =I33*TAP_LTM!$C$6 -> 146903.4 | I33: =I26 -> 13.1
D34: =F34/E34 -> 732.60353 | E34: 194.72101 | F34: =G34-SUM(TAP_LTM!$C$10:$C$12) -> 142653.3 | G34: =I34*TAP_LTM!$C$6 -> 148398.6 | I34: =I25 -> 13.233333
D35: =F35/E35 -> 373.62532 | E35: 194.72101 | F35: =G35-SUM(TAP_LTM!$C$10:$C$12) -> 72752.7 | G35: =J35*TAP_LTM!$C$6 -> 78498 | J35: 7
D36: =F36/E36 -> 549.27509 | E36: 194.72101 | F36: =G36-SUM(TAP_LTM!$C$10:$C$12) -> 106955.4 | G36: =J36*TAP_LTM!$C$6 -> 112700.7 | J36: =J26 -> 10.05
D37: =N37*$K$10 -> 78.879458 | E37: 194.72101 | N37: =N26 -> 14.289757
D38: =N38*$K$10 -> 141.5573 | E38: 194.72101 | N38: =N25 -> 25.644438
D39: =O39*$K$10*$L$10*100 -> 45.991161 | E39: 194.72101 | O39: =O25 -> 8.5017674
D40: =O40*$K$10*$L$10*100 -> 48.43917 | E40: 194.72101 | O40: =O26 -> 8.9542979
D41: =F41/E41 -> 138.30259 | E41: 194.72101 | F41: =P41*$M$10 -> 26930.42 | P41: =P26 -> 2.0018599
D42: =F42/E42 -> 152.6542 | E42: 194.72101 | F42: =P42*$M$10 -> 29724.979 | P42: =P25 -> 2.2095921
B44: Molson Coors Additional Information:
B45: Net Debt= | C45: 5385
B46: Perferred Stock= | C46: 0
B47: NCI= | C47: 360.3

Sheet Relative Valuation Chart
A1: Molson Coors Relative Valuation Football Field Chart
B3: Fiscal year ends in December USD in millions except per share data.
B4: Valuation for period ended | C4: 46022
B5: Ticker | C5: TAP
B6: Valuation Date | C6: 45978
B7: Company Name | C7: Molson Coors Beverage Company | J7: Inputs
B8: Methodology | F8: Low | G8: Dif. | H8: High | J8: Low | K8: High | M8: Current share price
B9: ="Public comps EV/Sales range " &TEXT(J9,"0.0x")&"-"&TEXT(K9,"0.0x") -> Public comps EV/Sales range 1.9x-2.2x | F9: =TAP_Comps!D31 -> 77.036371 | G9: =H9-F9 -> 19.196696 | H9: =TAP_Comps!D32 -> 96.233066 | J9: =TAP_Comps!H31 -> 1.85 | K9: =TAP_Comps!H32 -> 2.1833333 | M9: =$D$4 -> 0
B10: ="Public comps EV/EBIT range " &TEXT(J10,"0.0x")&"-"&TEXT(K10,"0.0x") -> Public comps EV/EBIT range 8.5x-9.0x | F10: =TAP_Comps!D39 -> 45.991161 | G10: =H10-F10 -> 2.4480092 | H10: =TAP_Comps!D40 -> 48.43917 | J10: =TAP_Comps!O39 -> 8.5017674 | K10: =TAP_Comps!O40 -> 8.9542979 | M10: =$D$4 -> 0
B11: ="Public comps EV/EBITDA range " &TEXT(J11,"0.0x")&"-"&TEXT(K11,"0.0x") -> Public comps EV/EBITDA range 7.0x-10.1x | F11: =TAP_Comps!D35 -> 373.62532 | G11: =H11-F11 -> 175.64977 | H11: =TAP_Comps!D36 -> 549.27509 | J11: =TAP_Comps!J35 -> 7 | K11: =TAP_Comps!J36 -> 10.05 | M11: =$D$4 -> 0
B12: ="Public comps Forward PEG range " &TEXT(J12,"0.0x")&"-"&TEXT(K12,"0.0x") -> Public comps Forward PEG range 8.5x-9.0x | F12: =TAP_DCF!E159 -> 39.891798 | G12: =H12-F12 -> 64.192619 | H12: =TAP_DCF!L159 -> 104.08442 | J12: =TAP_Comps!O39 -> 8.5017674 | K12: =TAP_Comps!O40 -> 8.9542979 | M12: =$D$4 -> 0
B13: ="Public comps Forward P/E range " &TEXT(J13,"0.0x")&"-"&TEXT(K13,"0.0x") -> Public comps Forward P/E range 14.3x-25.6x | F13: =TAP_Comps!D39 -> 45.991161 | G13: =H13-F13 -> 2.4480092 | H13: =TAP_Comps!D40 -> 48.43917 | J13: =TAP_Comps!N37 -> 14.289757 | K13: =TAP_Comps!N38 -> 25.644438 | M13: =$D$4 -> 0
B14: ="Public comps Price-to-Book range " &TEXT(J14,"0.0x")&"-"&TEXT(K14,"0.0x") -> Public comps Price-to-Book range 2.0x-2.2x | F14: =TAP_Comps!D41 -> 138.30259 | G14: =H14-F14 -> 14.351604 | H14: =TAP_Comps!D42 -> 152.6542 | J14: =TAP_Comps!P41 -> 2.0018599 | K14: =TAP_Comps!P42 -> 2.2095921 | M14: =$D$4 -> 0
B15: 52 week high-low | F15: 42.94 | G15: =H15-F15 -> 21.72 | H15: 64.66 | M15: =$D$4 -> 0

Sheet TAP Football Field
A1: Molson Coors Valuation Football Field Chart
B3: Fiscal year ends in December USD in millions except per share data.
B4: Valuation for period ended | C4: 46022
B5: Ticker | C5: TAP
B6: Valuation Date | C6: 45978
B7: Company Name | C7: Molson Coors Beverage Company
B8: Methodology | D8: Low | E8: Dif. | F8: High | H8: Low | I8: High | K8: Current share price
B9: ="Public comps EV/Sales range " &TEXT(H9,"0.0x")&"-"&TEXT(I9,"0.0x") -> Public comps EV/Sales range 1.9x-2.2x | D9: =TAP_Comps!D31 -> 77.036371 | E9: =F9-D9 -> 19.196696 | F9: =TAP_Comps!D32 -> 96.233066 | H9: =TAP_Comps!H31 -> 1.85 | I9: =TAP_Comps!H32 -> 2.1833333 | K9: 45.13
B10: ="Public comps Forward PEG range " &TEXT(H10,"0.0x")&"-"&TEXT(I10,"0.0x") -> Public comps Forward PEG range 8.5x-9.0x | D10: =TAP_Comps!D39 -> 45.991161 | E10: =F10-D10 -> 2.4480092 | F10: =TAP_Comps!D40 -> 48.43917 | H10: =TAP_Comps!O39 -> 8.5017674 | I10: =TAP_Comps!O40 -> 8.9542979 | K10: 45.13
B11: ="DCF w/ perpetuity growth range " &TEXT(H11,"0.0%")&"-"&TEXT(I11,"0.0%") -> DCF w/ perpetuity growth range 0.5%-4.0% | D11: =TAP_DCF!H146 -> 81.775835 | E11: =F11-D11 -> 124.52481 | F11: =TAP_DCF!H153 -> 206.30065 | H11: =TAP_DCF!C146 -> 0.005 | I11: =TAP_DCF!C153 -> 0.04 | K11: 45.13
B12: ="DCF w/ EBITDA exit multiple range " &TEXT(H12,"0.0x")&"-"&TEXT(I12,"0.0x") -> DCF w/ EBITDA exit multiple range 4.6x-11.6x | D12: =TAP_DCF!E159 -> 39.891798 | E12: =F12-D12 -> 64.192619 | F12: =TAP_DCF!L159 -> 104.08442 | H12: =TAP_DCF!E158 -> 4.6 | I12: =TAP_DCF!L158 -> 11.6 | K12: 45.13
B13: 52 week high-low | D13: 42.94 | E13: =F13-D13 -> 21.72 | F13: 64.66 | K13: 45.13

Sheet Income Statement
A1: Molson Coors Beverage Company (NYSE:TAP) > Financials > Income Statement
A3: In Millions of the reported currency, except per share items. | B3: Template: | C3: Standard | E3: Restatement: | F3: Latest Filings
B4: Period Type: | C4: Annual | E4: Order: | F4: Latest on Right
B5: Currency: | C5: Reported Currency | E5: Conversion: | F5: Historical
B6: Units: | C6: S&P Capital IQ (Default) | E6: Decimals: | F6: Capital IQ (Default)
B7: Source: | C7: Capital IQ & Proprietary Data
A10: Income Statement
A11: For the Fiscal Period Ending | B11: 2020 | C11: =B11+1 -> 2021 | D11: =C11+1 -> 2022 | E11: =D11+1 -> 2023 | F11: =E11+1 -> 2024
A12: Currency | B12: USD | C12: USD | D12: USD | E12: USD | F12: USD
A13: Revenue | B13: 9654 | C13: 10279.7 | D13: 10701 | E13: 11702.1 | F13: 11627
A14: Other Revenue | B14: - | C14: - | D14: - | E14: - | F14: -
A15: Total Revenue | B15: 9654 | C15: 10279.7 | D15: 10701 | E15: 11702.1 | F15: 11627
A17: Cost Of Goods Sold | B17: 5858.1 | C17: 6226.3 | D17: 7045.8 | E17: 7333.3 | F17: 7093.6
A18: Gross Profit | B18: 3795.9 | C18: 4053.4 | D18: 3655.2 | E18: 4368.8 | F18: 4533.4
A20: Selling General & Admin Exp. | B20: 2186.7 | C20: 2290.1 | D20: 2318.1 | E20: 2562.4 | F20: 2516.1
A21: R & D Exp. | B21: - | C21: - | D21: - | E21: - | F21: -
A22: Depreciation & Amort. | B22: - | C22: - | D22: - | E22: - | F22: -
A23: Amort. of Goodwill and Intangibles | B23: 220 | C23: 218 | D23: 208.1 | E23: 207.3 | F23: 206.4
A24: Other Operating Expense/(Income) | B24: - | C24: - | D24: - | E24: - | F24: -
A26: Other Operating Exp., Total | B26: 2406.7 | C26: 2508.1 | D26: 2526.2 | E26: 2769.7 | F26: 2722.5
A28: Operating Income | B28: 1389.2 | C28: 1545.3 | D28: 1129 | E28: 1599.1 | F28: 1810.9
A30: Interest Expense | B30: -274.6 | C30: -260.3 | D30: -250.6 | E30: -234 | F30: -282.7
A31: Interest and Invest. Income | B31: 3.3 | C31: 2 | D31: 4.3 | E31: 25.4 | F31: 35.4
A32: Net Interest Exp. | B32: -271.3 | C32: -258.3 | D32: -246.3 | E32: -208.6 | F32: -247.3
A34: Income/(Loss) from Affiliates | B34: - | C34: - | D34: 4.7 | E34: 12 | F34: 2.7
A35: Currency Exchange Gains (Loss) | B35: - | C35: 0.8 | D35: -0.4 | E35: -3.7 | F35: -0.7
A36: Other Non-Operating Inc. (Exp.) | B36: 8.4 | C36: -4 | D36: -9.9 | E36: 16.4 | F36: 2.8
A37: EBT Excl. Unusual Items | B37: 1126.3 | C37: 1283.8 | D37: 877.1 | E37: 1415.2 | F37: 1568.4
A39: Restructuring Charges | B39: -187.1 | C39: -37.6 | D39: -9.1 | E39: -4.1 | F39: -200.4
A40: Merger & Related Restruct. Charges | B40: - | C40: - | D40: - | E40: - | F40: -
A41: Impairment of Goodwill | B41: -1484.3 | C41: - | D41: -845 | E41: - | F41: -
A42: Gain (Loss) On Sale Of Invest. | B42: -2.4 | C42: -0.3 | D42: - | E42: - | F42: 77.9
A43: Gain (Loss) On Sale Of Assets | B43: 2.7 | C43: 6.6 | D43: 6.8 | E43: 2.2 | F43: 57.1
A44: Asset Writedown | B44: -71.5 | C44: -13.5 | D44: -36.3 | E44: -160.8 | F44: -
A45: Legal Settlements | B45: - | C45: - | D45: -56 | E45: - | F45: -
A46: Other Unusual Items | B46: -27.6 | C46: - | D46: - | E46: - | F46: -
A47: EBT Incl. Unusual Items | B47: -643.9 | C47: 1239 | D47: -62.5 | E47: 1252.5 | F47: 1503
A49: Income Tax Expense | B49: 301.8 | C49: 230.5 | D49: 124 | E49: 296.1 | F49: 345.3
A50: Earnings from Cont. Ops. | B50: -945.7 | C50: 1008.5 | D50: -186.5 | E50: 956.4 | F50: 1157.7
A52: Earnings of Discontinued Ops. | B52: - | C52: - | D52: - | E52: - | F52: -
A53: Extraord. Item & Account. Change | B53: - | C53: - | D53: - | E53: - | F53: -
A54: Net Income to Company | B54: -945.7 | C54: 1008.5 | D54: -186.5 | E54: 956.4 | F54: 1157.7
A56: Minority Int. in Earnings | B56: -3.3 | C56: -2.8 | D56: 11.2 | E56: -7.5 | F56: -35.3
A57: Net Income | B57: -949 | C57: 1005.7 | D57: -175.3 | E57: 948.9 | F57: 1122.4
A59: Pref. Dividends and Other Adj. | B59: - | C59: - | D59: - | E59: - | F59: -
A61: NI to Common Incl Extra Items | B61: -949 | C61: 1005.7 | D61: -175.3 | E61: 948.9 | F61: 1122.4
A62: NI to Common Excl. Extra Items | B62: -949 | C62: 1005.7 | D62: -175.3 | E62: 948.9 | F62: 1122.4
A64: Per Share Items
A65: Basic EPS | B65: -4.38 | C65: 4.63 | D65: -0.81 | E65: 4.39 | F65: 5.38
A66: Basic EPS Excl. Extra Items | B66: -4.38 | C66: 4.632427 | D66: -0.81 | E66: 4.393055 | F66: 5.375478
A67: Weighted Avg. Basic Shares Out. | B67: 216.8 | C67: 217.1 | D67: 216.9 | E67: 216 | F67: 208.8
A69: Diluted EPS | B69: -4.38 | C69: 4.62 | D69: -0.81 | E69: 4.37 | F69: 5.35
A70: Diluted EPS Excl. Extra Items | B70: -4.38 | C70: 4.62 | D70: -0.81 | E70: 4.37 | F70: 5.35
A71: Weighted Avg. Diluted Shares Out. | B71: 216.8 | C71: 217.6 | D71: 216.9 | E71: 217.3 | F71: 209.9
A73: Normalized Basic EPS | B73: 3.23 | C73: 3.68 | D73: 2.58 | E73: 4.06 | F73: 4.53
A74: Normalized Diluted EPS | B74: 3.231722 | C74: 3.674517 | D74: 2.579011 | E74: 4.035895 | F74: 4.501905
A76: Dividends per Share | B76: 0.57 | C76: 0.68 | D76: 1.52 | E76: 1.64 | F76: 1.76
A77: Payout Ratio % | B77: NM | C77: 0.146962 | D77: NM | E77: 0.373801 | F77: 0.328937
A79: Shares per Depository Receipt | B79: 1 | C79: 1 | D79: 1 | E79: 1 | F79: 1
A81: Supplemental Items
A82: EBITDA | B82: 2198.9 | C82: 2316 | D82: 1813.8 | E82: 2281.9 | F82: 2476.7
A83: EBITA | B83: 1609.2 | C83: 1763.3 | D83: 1337.1 | E83: 1806.4 | F83: 2017.3
A84: EBIT | B84: 1389.2 | C84: 1545.3 | D84: 1129 | E84: 1599.1 | F84: 1810.9
A85: EBITDAR | B85: 2270.3 | C85: 2389.2 | D85: 1886.3 | E85: 2363.2 | F85: 2563.6
A86: As Reported Total Revenue* | B86: 9654 | C86: 10279.7 | D86: 10701 | E86: 11702.1 | F86: 11627
A87: Effective Tax Rate % | B87: NM | C87: 0.186037 | D87: NM | E87: 0.236407 | F87: 0.22974
A88: Current Domestic Taxes | B88: 84.2 | C88: 50.6 | D88: 168.4 | E88: 222.8 | F88: 173.3
A89: Current Foreign Taxes | B89: 111.4 | C89: -1 | D89: -17.2 | E89: 37.3 | F89: 54.5
A90: Total Current Taxes | B90: 195.6 | C90: 49.6 | D90: 151.2 | E90: 260.1 | F90: 227.8
A91: Deferred Domestic Taxes | B91: 121.4 | C91: 233.9 | D91: 30.2 | E91: 102.8 | F91: 123
A92: Deferred Foreign Taxes | B92: -15.2 | C92: -53 | D92: -57.4 | E92: -66.8 | F92: -5.5
A93: Total Deferred Taxes | B93: 106.2 | C93: 180.9 | D93: -27.2 | E93: 36 | F93: 117.5
A95: Normalized Net Income | B95: 700.6375 | C95: 799.575 | D95: 559.3875 | E95: 877 | F95: 944.95
A96: Interest Capitalized | B96: 7.7 | C96: 8.8 | D96: 6.8 | E96: 9.4 | F96: 12.4
A97: Non-Cash Pension Expense | B97: -34.1 | C97: -53.6 | D97: -41.8 | E97: -0.3 | F97: 12.3
A98: Filing Date | B98: 44978 | C98: 45342 | D98: 45706 | E98: 45706 | F98: 45706
A99: Restatement Type | B99: RC | C99: NC | D99: RC | E99: NC | F99: O
A100: Calculation Type | B100: REP | C100: REP | D100: REP | E100: REP | F100: REP
A102: Supplemental Operating Expense Items
A103: Marketing Exp. | B103: 900 | C103: 1100 | D103: 1000 | E103: 1100 | F103: 1100
A104: Selling and Marketing Exp. | B104: 900 | C104: 1100 | D104: 1000 | E104: 1100 | F104: 1100
A105: Net Rental Exp. | B105: 71.4 | C105: 73.2 | D105: 72.5 | E105: 81.3 | F105: 86.9
A106: Imputed Oper. Lease Interest Exp. | B106: 17.997941 | C106: 19.612915 | D106: 21.06792 | E106: 24.093418 | F106: 32.082785
A107: Imputed Oper. Lease Depreciation | B107: 53.402059 | C107: 53.587085 | D107: 51.43208 | E107: 57.206582 | F107: 54.817215
A109: Stock-Based Comp., SG&A Exp. | B109: 24.2 | C109: 32.1 | D109: 33.6 | E109: 44.9 | F109: 43.1
A110: Stock-Based Comp., Unallocated | B110: - | C110: - | D110: - | E110: - | F110: -
A111: Stock-Based Comp., Total | B111: 24.2 | C111: 32.1 | D111: 33.6 | E111: 44.9 | F111: 43.1
A112: Depreciation & Amort., Total | B112: 809.7 | C112: 770.7 | D112: 684.8 | E112: 682.8 | F112: 665.8
A113: Capital Expenditure | B113: -574.8 | C113: -522.6 | D113: -661.4 | E113: -671.5 | F113: -674.1
A114: * Occasionally, certain items classified as Revenue by the company will be re-classified as other income if it is deemed to be non-recurring and unrelated to the core business of the firm. This field shows Total Revenue exactly as reported by the firm on its consolidated statement of income.
A115: Note: For multiple class companies, per share items are primary class equivalent, and for foreign companies listed as primary ADRs, per share items are ADR-equivalent.

Sheet Balance Sheet
A1: Molson Coors Beverage Company (NYSE:TAP) > Financials > Balance Sheet
A3: In Millions of the reported currency, except per share items. | B3: Template: | C3: Standard | E3: Restatement: | F3: Latest Filings
B4: Period Type: | C4: Annual | E4: Order: | F4: Latest on Right
B5: Currency: | C5: Reported Currency | E5: Conversion: | F5: Historical
B6: Units: | C6: S&P Capital IQ (Default) | E6: Decimals: | F6: Capital IQ (Default)
B7: Source: | C7: Capital IQ & Proprietary Data
A10: Balance Sheet
A11: For the Fiscal Period Ending | B11: 2020 | C11: =B11+1 -> 2021 | D11: =C11+1 -> 2022 | E11: =D11+1 -> 2023 | F11: =E11+1 -> 2024
A12: Currency | B12: USD | C12: USD | D12: USD | E12: USD | F12: USD
A13: ASSETS
A14: Cash And Equivalents | B14: 770.1 | C14: 637.4 | D14: 600 | E14: 868.9 | F14: 969.3
A15: Total Cash & ST Investments | B15: 770.1 | C15: 637.4 | D15: 600 | E15: 868.9 | F15: 969.3
A17: Accounts Receivable | B17: 549.6 | C17: 678.9 | D17: 739.8 | E17: 757.8 | F17: 693.1
A18: Other Receivables | B18: 137.5 | C18: 200.5 | D18: 126.4 | E18: 121.6 | F18: 149.8
A19: Total Receivables | B19: 687.1 | C19: 879.4 | D19: 866.2 | E19: 879.4 | F19: 842.9
A21: Inventory | B21: 664.3 | C21: 804.7 | D21: 792.9 | E21: 802.3 | F21: 727.8
A22: Other Current Assets | B22: 297.3 | C22: 457.2 | D22: 378.9 | E22: 297.9 | F22: 308.4
A23: Total Current Assets | B23: 2418.8 | C23: 2778.7 | D23: 2638 | E23: 2848.5 | F23: 2848.4
A25: Gross Property, Plant & Equipment | B25: 7802.9 | C25: 7818.7 | D25: 8017.4 | E25: 8746.8 | F25: 9041.4
A26: Accumulated Depreciation | B26: -3416.4 | C26: -3507.2 | D26: -3661.9 | E26: -4101.6 | F26: -4392
A27: Net Property, Plant & Equipment | B27: 4386.5 | C27: 4311.5 | D27: 4355.5 | E27: 4645.2 | F27: 4649.4
A29: Long-term Investments | B29: - | C29: - | D29: 40 | E29: 264.3 | F29: 205.2
A30: Goodwill | B30: 6151 | C30: 6152.6 | D30: 5291.9 | E30: 5325.3 | F30: 5582.3
A31: Other Intangibles | B31: 13556.1 | C31: 13286.8 | D31: 12800.1 | E31: 12614.6 | F31: 12195.2
A32: Deferred Tax Assets, LT | B32: 105.7 | C32: 180.2 | D32: 125.8 | E32: 123.7 | F32: 38.6
A33: Deferred Charges, LT | B33: - | C33: - | D33: - | E33: 35.7 | F33: 39.9
A34: Other Long-Term Assets | B34: 713 | C34: 909.2 | D34: 617 | E34: 517.8 | F34: 505.3
A35: Total Assets | B35: 27331.1 | C35: 27619 | D35: 25868.3 | E35: 26375.1 | F35: 26064.3
A37: LIABILITIES
A38: Accounts Payable | B38: 1732.7 | C38: 2098.1 | D38: 2225.1 | E38: 2128.3 | F38: 2020.1
A39: Accrued Exp. | B39: 637.5 | C39: 577.7 | D39: 576.7 | E39: 823.7 | F39: 735.7
A40: Short-term Borrowings | B40: 14 | C40: 6.9 | D40: 20.9 | E40: 21.5 | F40: 19.9
A41: Curr. Port. of LT Debt | B41: 1049.7 | C41: 571.1 | D41: 370.9 | E41: 885.1 | F41: 2.4
A42: Curr. Port. of Leases | B42: 51.2 | C42: 50 | D42: 50 | E42: 52.1 | F42: 56.6
A43: Other Current Liabilities | B43: 424.5 | C43: 318.4 | D43: 131.8 | E43: 181.9 | F43: 210.5
A44: Total Current Liabilities | B44: 3909.6 | C44: 3622.2 | D44: 3375.4 | E44: 4092.6 | F44: 3045.2
A46: Long-Term Debt | B46: 7322.1 | C46: 6687.7 | D46: 6109 | E46: 5263.6 | F46: 6057
A47: Long-Term Leases | B47: 166.3 | C47: 150.4 | D47: 155.5 | E47: 212.4 | F47: 218.4
A48: Pension & Other Post-Retire. Benefits | B48: 763.2 | C48: 654.4 | D48: 473.3 | E48: 465.8 | F48: 416.7
A49: Def. Tax Liability, Non-Curr. | B49: 2381.6 | C49: 2704.6 | D49: 2646.4 | E49: 2697.2 | F49: 2733.4
A50: Other Non-Current Liabilities | B50: 167 | C50: 135.6 | D50: 193.5 | E50: 208.4 | F50: 140.9
... A64: Total Liabilities And Equity | B64: 27331.1 | C64: 27619 | D64: 25868.3 | E64: 26375.1 | F64: 26064.3
A66: Supplemental Items
A67: Total Shares Out. on Filing Date | B67: 216.78052 | C67: 216.9834 | D67: 216.29107 | E67: 212.60685 | F67: 202.60592
A68: Total Shares Out. on Balance Sheet Date | B68: 216.7 | C68: 217 | D68: 216.3 | E68: 213.3 | F68: 203.2
A69: Book Value/Share | B69: 57.06 | C69: 61.83 | D69: 58.67 | E69: 61.87 | F69: 64.43
A70: Tangible Book Value | B70: -7342.1 | C70: -6022.3 | D70: -5402.3 | E70: -4743.9 | F70: -4685.1
A71: Tangible Book Value/Share | B71: -33.88 | C71: -27.75 | D71: -24.98 | E71: -22.24 | F71: -23.06
A72: Total Debt | B72: 8603.3 | C72: 7466.1 | D72: 6706.3 | E72: 6434.7 | F72: 6354.3
A73: Net Debt | B73: 7833.2 | C73: 6828.7 | D73: 6106.3 | E73: 5565.8 | F73: 5385
A74: Debt Equiv. of Unfunded Proj. Benefit Obligation | B74: -386.9 | C74: -571.7 | D74: -358.8 | E74: -378.8 | F74: -366.9
A75: Debt Equivalent Oper. Leases | B75: 571.2 | C75: 585.6 | D75: 580 | E75: 650.4 | F75: 695.2
A76: Total Minority Interest | B76: 256.3 | C76: 247 | D76: 225.5 | E76: 239.1 | F76: 360.3
A77: Equity Method Investments | B77: NA | C77: NA | D77: NA | E77: 222.7 | F77: 108.9
A78: Inventory Method | B78: FIFO | C78: FIFO | D78: FIFO | E78: FIFO | F78: FIFO
A79: Raw Materials Inventory | B79: 324.9 | C79: 381.4 | D79: 451.9 | E79: 459.2 | F79: 398.2
A80: Work in Progress Inventory | B80: 72.7 | C80: 71.8 | D80: 71.9 | E80: 97.4 | F80: 83.8
A81: Finished Goods Inventory | B81: 266.7 | C81: 351.5 | D81: 269.1 | E81: 245.7 | F81: 245.8
A82: Land | B82: 341.3 | C82: 355.9 | D82: 355.9 | E82: 365.1 | F82: 362.9
A83: Buildings | B83: 1074.8 | C83: 1225.1 | D83: 1205.5 | E83: 1283.4 | F83: 1450.2
A84: Machinery | B84: 4833.6 | C84: 4858.5 | D84: 4897.3 | E84: 5156 | F84: 5479.8
A85: Construction in Progress | B85: 532.1 | C85: 335.2 | D85: 497.4 | E85: 783.7 | F85: 612.1
A86: Natural Resources, at Cost | B86: 3.8 | C86: - | D86: - | E86: - | F86: -
A87: Full Time Employees | B87: 17000 | C87: 16300 | D87: 16600 | E87: 16500 | F87: 16800
A88: Accum. Allowance for Doubtful Accts | B88: 18.1 | C88: 19 | D88: 13.2 | E88: 12.7 | F88: 8.9
A89: Filing Date | B89: 44978 | C89: 45342 | D89: 45706 | E89: 45706 | F89: 45706
A90: Restatement Type | B90: NC | C90: NC | D90: NC | E90: NC | F90: O
A91: Calculation Type | B91: RUP | C91: RUP | D91: RUP | E91: REP | F91: REP
A94: Note: For multiple class companies, total share counts are primary class equivalent, and for foreign companies listed as primary ADRs, total share counts are ADR-equivalent.

Sheet Cash Flow
A5: Molson Coors Beverage Company (NYSE:TAP) > Financials > Cash Flow
A7: In Millions of the reported currency, except per share items. | B7: Template: | C7: Standard | E7: Restatement: | F7: Latest Filings
B8: Period Type: | C8: Annual | E8: Order: | F8: Latest on Right
B9: Currency: | C9: Reported Currency | E9: Conversion: | F9: Historical
B10: Units: | C10: S&P Capital IQ (Default) | E10: Decimals: | F10: Capital IQ (Default)
B11: Source: | C11: Capital IQ & Proprietary Data
A14: Cash Flow
A15: For the Fiscal Period Ending | B15: 2020 | C15: =B15+1 -> 2021 | D15: =C15+1 -> 2022 | E15: =D15+1 -> 2023 | F15: =E15+1 -> 2024
A16: Currency | B16: USD | C16: USD | D16: USD | E16: USD | F16: USD
A18: Net Income | B18: -949 | C18: 1005.7 | D18: -175.3 | E18: 948.9 | F18: 1122.4
A19: Depreciation & Amort. | B19: 589.7 | C19: 552.7 | D19: 476.7 | E19: 475.5 | F19: 459.4
A20: Amort. of Goodwill and Intangibles | B20: 220 | C20: 218 | D20: 208.1 | E20: 207.3 | F20: 206.4
A21: Depreciation & Amort., Total | B21: 809.7 | C21: 770.7 | D21: 684.8 | E21: 682.8 | F21: 665.8
A23: Other Amortization | B23: 8.1 | C23: 6.7 | D23: 7.7 | E23: 5.7 | F23: 5.3
A24: (Gain) Loss From Sale Of Assets | B24: -1415.1 | C24: 9.1 | D24: 18.6 | E24: 181.9 | F24: 51.8
A25: Asset Writedown & Restructuring Costs | B25: 3080.9 | C25: 15.4 | D25: 845 | E25: - | F25: 93.6
A26: (Income) Loss on Equity Invest. | B26: - | C26: - | D26: -4.7 | E26: -12 | F26: -2.7
A27: Stock-Based Compensation | B27: 24.2 | C27: 32.1 | D27: 33.6 | E27: 44.9 | F27: 43.1
A28: Other Operating Activities | B28: 60.8 | C28: -230.1 | D28: 275.5 | E28: 146.4 | F28: 109.1
A29: Change in Acc. Receivable | B29: 160.8 | C29: -137.6 | D29: -108.5 | E29: -0.7 | F29: 39.6
A30: Change In Inventories | B30: -46.2 | C30: -143.9 | D30: -64.6 | E30: 21.7 | F30: 55.1
A31: Change in Acc. Payable | B31: -50.1 | C31: 285.5 | D31: -16.1 | E31: 50.2 | F31: -234.4
A32: Change in Other Net Operating Assets | B32: 11.6 | C32: -40.1 | D32: 6 | E32: 9.2 | F32: -38.4
A33: Cash from Ops. | B33: 1695.7 | C33: 1573.5 | D33: 1502 | E33: 2079 | F33: 1910.3
A35: Capital Expenditure | B35: -574.8 | C35: -522.6 | D35: -661.4 | E35: -671.5 | F35: -674.1
A36: Sale of Property, Plant, and Equipment | B36: 158.8 | C36: 26 | D36: 32.2 | E36: 10.9 | F36: 24.5
A37: Cash Acquisitions | B37: - | C37: - | D37: - | E37: -63.7 | F37: -8.6
A38: Divestitures | B38: - | C38: - | D38: - | E38: - | F38: -
A39: Invest. in Marketable & Equity Securt. | B39: - | C39: - | D39: - | E39: - | F39: -
A40: Net (Inc.) Dec. in Loans Originated/Sold | B40: - | C40: - | D40: - | E40: - | F40: -
A41: Other Investing Activities | B41: 2.4 | C41: -13.3 | D41: 4.1 | E41: -117.4 | F41: 10.2
A42: Cash from Investing | B42: -413.6 | C42: -509.9 | D42: -625.1 | E42: -841.7 | F42: -648
A44: Short Term Debt Issued | B44: - | C44: - | D44: - | E44: - | F44: -
A45: Long-Term Debt Issued | B45: 1.5 | C45: 1.4 | D45: 7 | E45: 7 | F45: 863.7
A46: Total Debt Issued | B46: 1.5 | C46: 1.4 | D46: 7 | E46: 7 | F46: 863.7
A47: Short Term Debt Repaid | B47: - | C47: - | D47: - | E47: - | F47: -
A48: Long-Term Debt Repaid | B48: -918.9 | C48: -1006.6 | D48: -512.8 | E48: -404.8 | F48: -883.8
A49: Total Debt Repaid | B49: -918.9 | C49: -1006.6 | D49: -512.8 | E49: -404.8 | F49: -883.8
A51: Issuance of Common Stock | B51: 4.1 | C51: 4.6 | D51: - | E51: - | F51: -
A52: Repurchase of Common Stock | B52: - | C52: - | D52: -51.5 | E52: -205.8 | F52: -643.4
A54: Common Dividends Paid | B54: -125.3 | C54: -147.8 | D54: -329.3 | E54: -354.7 | F54: -369.2
A55: Total Dividends Paid | B55: -125.3 | C55: -147.8 | D55: -329.3 | E55: -354.7 | F55: -369.2
A57: Special Dividend Paid | B57: - | C57: - | D57: - | E57: - | F57: -
A58: Other Financing Activities | B58: -31.8 | C58: -23.8 | D58: -2.9 | E58: -23.1 | F58: -105.7
A59: Cash from Financing | B59: -1070.4 | C59: -1172.2 | D59: -889.5 | E59: -981.4 | F59: -1138.4
A61: Foreign Exchange Rate Adj. | B61: 35 | C61: -24.1 | D61: -24.8 | E61: 13 | F61: -23.5
A62: Net Change in Cash | B62: 246.7 | C62: -132.7 | D62: -37.4 | E62: 268.9 | F62: 100.4
A64: Supplemental Items
A65: Cash Interest Paid | B65: 271.9 | C65: 256.2 | D65: 240 | E65: 229 | F65: 216
A66: Cash Taxes Paid | B66: 127 | C66: 227 | D66: 76.6 | E66: 244.8 | F66: 227.1
A67: Levered Free Cash Flow | B67: 1050.125 | C67: 796.925 | D67: 656.4 | E67: 1173.7875 | F67: 928.125
A68: Unlevered Free Cash Flow | B68: 1213.65 | C68: 952.9125 | D68: 805.325 | E68: 1314.3375 | F68: 1099.5125
A69: Change in Net Working Capital | B69: -86.3 | C69: 293.1 | D69: -42.7 | E69: -258.7 | F69: 67.1
A70: Net Debt Issued | B70: -917.4 | C70: -1005.2 | D70: -505.8 | E70: -397.8 | F70: -20.1
A71: Filing Date | B71: 44978 | C71: 45342 | D71: 45706 | E71: 45706 | F71: 45706
A72: Restatement Type | B72: NC | C72: NC | D72: NC | E72: NC | F72: O
A73: Calculation Type | B73: REP | C73: REP | D73: REP | E73: REP | F73: REP

Sheet As Reported IS
A1: Molson Coors Beverage Company (NYSE:TAP) > Financials > Income Statement
B3: Template: | C3: As Presented | E3: Restatement: | F3: Latest Filings
B4: Period Type: | C4: Annual | E4: Order: | F4: Latest on Right
B5: Currency: | C5: Reported Currency | E5: Conversion: | F5: Historical
B6: Units: | C6: S&P Capital IQ (Default) | E6: Decimals: | F6: Capital IQ (Default)
B7: Source: | C7: Capital IQ & Proprietary Data
A10: Income Statement
A11: For the Fiscal Period Ending | B11: 2020 | C11: =B11+1 -> 2021 | D11: =C11+1 -> 2022 | E11: =D11+1 -> 2023 | F11: =E11+1 -> 2024
A12: Currency | B12: USD | C12: USD | D12: USD | E12: USD | F12: USD
A13: Units | B13: Millions | C13: Millions | D13: Millions | E13: Millions | F13: Millions
A14: Revenues
A15: Sales | B15: 11723.8 | C15: 12449.9 | D15: 12807.5 | E15: 13884.6 | F15: 13734.3
A16: Less Beer Excise Taxes | B16: -2069.8 | C16: -2170.2 | D16: -2106.5 | E16: -2182.5 | F16: -2107.3
A17: Total Revenues | B17: 9654 | C17: 10279.7 | D17: 10701 | E17: 11702.1 | F17: 11627
A19: Expenses
A20: Cost of Goods Sold | B20: -5885.7 | C20: -6226.3 | D20: -7045.8 | E20: -7333.3 | F20: -7093.6
A21: Other Pension and Postretirement Benefits (costs), Net | B21: 30.3 | C21: 46.4 | D21: 36.6 | E21: 10.2 | F21: -5
A22: Marketing, General and Administrative Expenses | B22: -2437 | C22: -2554.5 | D22: -2618.8 | E22: -2779.9 | F22: -2717.5
A23: Other Operating Income/expense, Net | B23: -255.9 | C23: -44.5 | D23: -38.6 | E23: -162.7 | F23: -65.4
A24: Goodwill Impairments | B24: -1484.3 | C24: - | D24: -845 | E24: - | F24: -
A25: Interest Expense | B25: -274.6 | C25: -260.3 | D25: -250.6 | E25: -234 | F25: -282.7
A26: Interest Income | B26: 3.3 | C26: 2 | D26: 4.3 | E26: 25.4 | F26: 35.4
A27: Equity Income (Loss) | B27: - | C27: - | D27: 4.7 | E27: 12 | F27: 2.7
A28: Other Non-operating Income/expense, Net | B28: 6 | C28: -3.5 | D28: -10.3 | E28: 12.7 | F28: 2.1
A29: Earnings before Taxes | B29: -643.9 | C29: 1239 | D29: -62.5 | E29: 1252.5 | F29: 1503
A31: Taxes and Other Expenses
A32: Provision for Income Tax | B32: -301.8 | C32: -230.5 | D32: -124 | E32: -296.1 | F32: -345.3
A33: Minority Interest (After Tax) | B33: -3.3 | C33: -2.8 | D33: 11.2 | E33: -7.5 | F33: -35.3
A34: Net Income (Loss) | B34: -949 | C34: 1005.7 | D34: -175.3 | E34: 948.9 | F34: 1122.4
A36: Supplementary Info
A37: Gross Profit/loss | B37: 3768.3 | C37: 4053.4 | D37: 3655.2 | E37: 4368.8 | F37: 4533.4
A38: Operating Income (Loss) | B38: -408.9 | C38: 1454.4 | D38: 157.5 | E38: 1438.2 | F38: 1753.2
A39: Basic EPS - Continuing Operations | B39: -4.38 | C39: 4.63 | D39: -0.81 | E39: 4.39 | F39: 5.38
A40: Diluted EPS - Continuing Operations | B40: -4.38 | C40: 4.62 | D40: -0.81 | E40: 4.37 | F40: 5.35
A42: Note: For multiple class companies, per share items are primary class equivalent, and for foreign companies listed as primary ADRs, per share items are ADR-equivalent.

Sheet As Reported BS
A1: Molson Coors Beverage Company (NYSE:TAP) > Financials > Balance Sheet
B3: Template: | C3: As Presented | E3: Restatement: | F3: Latest Filings
B4: Period Type: | C4: Annual | E4: Order: | F4: Latest on Right
B5: Currency: | C5: Reported Currency | E5: Conversion: | F5: Historical
B6: Units: | C6: S&P Capital IQ (Default) | E6: Decimals: | F6: Capital IQ (Default)
B7: Source: | C7: Capital IQ & Proprietary Data
A10: Balance Sheet
A11: Balance Sheet as of: | B11: 2020 | C11: =B11+1 -> 2021 | D11: =C11+1 -> 2022 | E11: =D11+1 -> 2023 | F11: =E11+1 -> 2024
A12: Currency | B12: USD | C12: USD | D12: USD | E12: USD | F12: USD
A13: Units | B13: Millions | C13: Millions | D13: Millions | E13: Millions | F13: Millions
A14: Current Assets
A15: Cash and Cash Equivalents | B15: 770.1 | C15: 637.4 | D15: 600 | E15: 868.9 | F15: 969.3
A16: Trade Receivables Net | B16: 549.6 | C16: 678.9 | D16: 739.8 | E16: 757.8 | F16: 693.1
A17: Other Receivables (Net) | B17: 129.1 | C17: 200.5 | D17: 126.4 | E17: 121.6 | F17: 149.8
A18: Accounts and Notes Receivable-affiliates | B18: 8.4 | C18: - | D18: - | E18: - | F18: -
A19: Inventories (Net) | B19: 664.3 | C19: 804.7 | D19: 792.9 | E19: 802.3 | F19: 727.8
A20: Other Current Assets | B20: 297.3 | C20: 457.2 | D20: 378.9 | E20: 297.9 | F20: 308.4
A21: Total Current Assets | B21: 2418.8 | C21: 2778.7 | D21: 2638 | E21: 2848.5 | F21: 2848.4
A23: Non Current Assets
A24: Property, Plant and Equipment, Net | B24: 4250.3 | C24: 4192.4 | D24: 4222.8 | E24: 4444.5 | F24: 4460.4
A25: Goodwill | B25: 6151 | C25: 6152.6 | D25: 5291.9 | E25: 5325.3 | F25: 5582.3
A26: Other Intangibles | B26: 13556.1 | C26: 13286.8 | D26: 12800.1 | E26: 12614.6 | F26: 12195.2
A27: Other Assets | B27: 954.9 | C27: 1208.5 | D27: 915.5 | E27: 1142.2 | F27: 978
A28: Total Assets | B28: 27331.1 | C28: 27619 | D28: 25868.3 | E28: 26375.1 | F28: 26064.3
A30: Current Liabilities
A31: Accounts Payable and Other Current Liabilities | B31: 2889.5 | C31: 3107.3 | D31: 2978.3 | E31: 3180.8 | F31: 3013
A32: Current Portion of Long-term Debt and Short-term Borrowings | B32: 1020.1 | C32: 514.9 | D32: 397.1 | E32: 911.8 | F32: 32.2
A33: Total Current Liabilities | B33: 3909.6 | C33: 3622.2 | D33: 3375.4 | E33: 4092.6 | F33: 3045.2
A35: Non Current Liabilities
A36: Long-term Debt | B36: 7208.2 | C36: 6647.2 | D36: 6165.2 | E36: 5312.1 | F36: 6113.9
A37: Pension & Post Retirement Benefit | B37: 763.2 | C37: 654.4 | D37: 473.3 | E37: 465.8 | F37: 416.7
A38: Deferred Tax Liabilities | B38: 2381.6 | C38: 2704.6 | D38: 2646.4 | E38: 2697.2 | F38: 2733.4
A39: Minority Interest | B39: 256.3 | C39: 247 | D39: 225.5 | E39: 211.2 | F39: 191.8
A40: Redeemable Noncontrolling Interests | B40: - | C40: - | D40: - | E40: 27.9 | F40: 168.5
A41: Other Liabilities | B41: 447.2 | C41: 326.5 | D41: 292.8 | E41: 372.3 | F41: 302.4
A43: Shareholders' Equity
A44: Common Stock - Par Value | B44: 2.1 | C44: 102.2 | D44: 2.1 | E44: 2.1 | F44: 2.1
A45: Common Stock - Par Value | B45: 102.3 | C45: 417.8 | D45: 102.2 | E45: 100.8 | F45: 100.8
A46: Common Stock - Par Value | B46: 417.8 | C46: 2.1 | D46: 413.3 | E46: 352.3 | F46: 271.1
A47: Additional Paid in Capital | B47: 6937.8 | C47: 6970.9 | D47: 7006.4 | E47: 7108.4 | F47: 7223.6
A48: Treasury Stock - Common | B48: -471.4 | C48: -471.4 | D48: -522.9 | E48: -735.6 | F48: -1380.8
A49: Retained Earnings | B49: 6544.2 | C49: 7401.5 | D49: 6894.1 | E49: 7484.3 | F49: 8238
A50: Accumulated Other Comprehensive Income (Loss) | B50: -1167.8 | C50: -1006 | D50: -1205.5 | E50: -1116.3 | F50: -1362.4
A51: Total Shareholders Equity | B51: 12365 | C51: 13417.1 | D51: 12689.7 | E51: 13196 | F51: 13092.4
A52: Total Liabilities & Shareholders Equity | B52: 27331.1 | C52: 27619 | D52: 25868.3 | E52: 26375.1 | F52: 26064.3
A54: Note: For multiple class companies, total share counts are primary class equivalent, and for foreign companies listed as primary ADRs, total share counts are ADR-equivalent.

Sheet TAP_LTM
B2: LTM Calculations For | C2: TAP
C4: Fiscal year ended | E4: 9-Months Ended | H4: LTM
B6: Revenues | C6: 11214
H8: As of
B10: Net debt | C10: 5385
B11: Preferred stock | C11: 0
B12: Non-controlling Interest | C12: 360.3
B14: Share Price
B15: Market Value of Equity
B16: Book Value of Equity
